[Event "Late-Titled-Tuesday-Blitz-March-05-2024"]
[Site "Chess.com"]
[Date "2024.03.05"]
[Round "11"]
[White "HaryKane"]
[Black "XeresLt"]
[Result "1-0"]
[WhiteElo "2598"]
[BlackElo "2481"]
[TimeControl "180+1"]
[EndTime "15:59:17 PST"]
[Termination "HaryKane won by checkmate"]

1. d4 Nf6 2. c4 g6 3. Nc3 d6 4. e4 Bg7 5. f3 O-O 6. Be3 Nc6 7. Qd2 Re8 8. h4 e5 9. Nge2 exd4 10. Nxd4 Bd7 11.
O-O-O a6 12. h5 Nxh5 13. g4 Ng3 14. Rh2 Nxf1 15. Rxf1 Ne5 16. b3 b5 17. Rfh1 c5 18. Rxh7 cxd4 19. Bxd4 Qf6 20. Nd5 Qxf3 21. Rxg7+ Kxg7 22. Qh6+ Kg8 23. Ne7+ Rxe7 24. Qh8# 1-0

[Event "Late-Titled-Tuesday-Blitz-March-05-2024"]
[Site "Chess.com"]
[Date "2024.03.05"]
[Round "11"]
[White "kids2010"]
[Black "Sanan_Sjugirov"]
[Result "0-1"]
[WhiteElo "2819"]
[BlackElo "3001"]
[TimeControl "180+1"]
[EndTime "15:59:23 PST"]
[Termination "Sanan_Sjugirov won by resignation"]

1. e4 c6 2. d4 d5 3. exd5 cxd5 4. Bd3 Nc6 5. c3 Nf6 6. Bf4 Bg4 7. Qb3 Qd7 8. Nd2 e6 9. Ngf3 Bd6 10. Bxd6 Qxd6 11.
O-O O-O 12. Rae1 Qc7 13. Re3 Ne7 14. Ne5 Bf5 15. Rfe1 Rab8 16. Bxf5 Nxf5 17. Rf3 b5 18. g4 Nd6 19. Rh3 b4 20. cxb4 a5 21. Qd3 Rxb4 22. g5 Nfe4 23. f3 Nxg5 24. Rg3 f6 25. Ng4 Nf5 26.
Qc3 Qxc3 27. bxc3 Rb2 28. Rg2 Rxd2 0-1

[Event "Late-Titled-Tuesday-Blitz-March-05-2024"]
[Site "Chess.com"]
[Date "2024.03.05"]
[Round "11"]
[White "Brahianzevich"]
[Black "SmirnovTimofey2000"]
[Result "1-0"]
[WhiteElo "2474"]
[BlackElo "1948"]
[TimeControl "180+1"]
[EndTime "15:59:46 PST"]
[Termination "Brahianzevich won by resignation"]

1. e4 e5 2. Nf3 Nf6 3. Nxe5 d6 4. Nf3 Nxe4 5. d4 d5 6. Bd3 Nc6 7. c4 Bb4+ 8. Kf1 Bf5 9. a3 Nd2+ 10.
Bxd2 Bxd3+ 11. Kg1 Bxd2 12. Nbxd2 Bxc4 13. Qc2 O-O 14. Nxc4 dxc4 15. Qxc4 Re8 16. h4 Re4 17. Ng5 Qf6 18. Nxe4 Qe7 19. Ng3 Rd8 20. Rd1 Ne5 21. Qe2 1-0

[Event "Late-Titled-Tuesday-Blitz-March-05-2024"]
[Site "Chess.com"]
[Date "2024.03.05"]
[Round "11"]
[White "Burgsvik"]
[Black "cristiano78"]
[Result "0-1"]
[WhiteElo "2352"]
[BlackElo "2292"]
[TimeControl "180+1"]
[EndTime "15:59:56 PST"]
[Termination "cristiano78 won by resignation"]

1. e4 c5 2. Nf3 d6 3. d4 cxd4 4. Nxd4 Nf6 5. Nc3 g6 6. Bc4 Bg7 7. Be3 O-O 8. f3 Nc6 9. Qd2 Bd7 10.
O-O-O Rc8 11. Bb3 Ne5 12. Bg5 Rc5 13. f4 Nc4 14. Bxc4 Rxc4 15. e5 dxe5 16. Nb3 Qc8 17.
Bxf6 Bxf6 18. Qxd7 exf4 19. Qxc8 Rfxc8 20. Rd3 Bxc3 21. Rxc3 Rxc3 22. bxc3 Rxc3 23. Rd1 Kg7 24. Rd7 Re3 25. Rxb7 Re2 26. Rxa7 Rxg2 27. Rxe7 f3 28. Nd2 f2 29. Kb2 Rxh2 30. a4 Rh1 31. a5 Rd1 32.
Nf1 Rxf1 33. Kc3 Ra1 0-1

[Event "Late-Titled-Tuesday-Blitz-March-05-2024"]
[Site "Chess.com"]
[Date "2024.03.05"]
[Round "11"]
[White "prochn"]
[Black "yaguigor"]
[Result "0-1"]
[WhiteElo "2434"]
[BlackElo "2567"]
[TimeControl "180+1"]
[EndTime "16:00:01 PST"]
[Termination "yaguigor won by resignation"]

1. d4 f5 2. c4 Nf6 3. g3 g6 4. Bg2 Bg7 5. Nf3 O-O 6. O-O d6 7. Nc3 c6 8. Qb3 h6 9. Re1 Ne4 10. Qc2 d5 11. Ne5 g5 12. cxd5 cxd5 13. f3 Bxe5 14. fxe4 Bxd4+ 15. e3 Bxc3 16. Qxc3 fxe4 17. b3 Nc6 18. Bb2 e5 19. Rad1 Bg4 20. Bxe4 Bxd1 21. Rxd1 Qf6 22. Bxd5+ Kh8 23. b4 Rad8 24. e4 Nd4 25. Qe3 Qf3 26. Bxd4 Qxd1+ 0-1

[Event "Late-Titled-Tuesday-Blitz-March-05-2024"]
[Site "Chess.com"]
[Date "2024.03.05"]
[Round "11"]
[White "kai_nov"]
[Black "OrtizAnahi2001"]
[Result "0-1"]
[WhiteElo "2382"]
[BlackElo "2534"]
[TimeControl "180+1"]
[EndTime "16:00:03 PST"]
[Termination "OrtizAnahi2001 won by resignation"]

1. d4 Nf6 2. c4 e6 3. Nc3 d5 4. cxd5 exd5 5. Bg5 Be7 6. e3 c6 7. Bd3 O-O 8. h3 Nbd7 9. Qc2 Re8 10. Nf3 Nf8 11. Bf4 Ne6 12. Bh2 g6 13. O-O-O b5 14.
Kb1 a5 15. Ne5 Bb7 16. g4 b4 17. Na4 c5 18. dxc5 Rc8 19. c6 Bd6 20. Bb5 Ba8 21.
Rc1 Nc7 22. Nd7 Bxh2 23. Rxh2 Nxb5 24. Nab6 Rxc6 0-1

[Event "Late-Titled-Tuesday-Blitz-March-05-2024"]
[Site "Chess.com"]
[Date "2024.03.05"]
[Round "11"]
[White "rikchessmx"]
[Black "rodp92"]
[Result "0-1"]
[WhiteElo "2297"]
[BlackElo "2483"]
[TimeControl "180+1"]
[EndTime "16:00:05 PST"]
[Termination "rodp92 won by resignation"]

1. e4 g6 2. d4 c6 3. Nc3 d5 4. h3 dxe4 5. Nxe4 Nf6 6. Nxf6+ exf6 7. Nf3 Bg7 8. Bc4 O-O 9. O-O Nd7 10. c3 a5 11. a4 Nb6 12. Bb3 Nd5 13. Re1 Be6 14.
Bc2 Re8 15. Bd2 Qb6 16. Qc1 Rad8 17. Rb1 Qc7 18. Bh6 Bxh6 19. Qxh6 Qf4 20. Qxf4 Nxf4 21. b4 axb4 22. Rxb4 Bd5 23. Rxe8+ Rxe8 24. Rxb7 Ne2+ 25. Kh2 Nxc3 26. Nd2 Re2 27. Bb3 Rxd2 28. Bxd5 cxd5 29.
a5 Ra2 30. Ra7 Rxf2 31. Rc7 Nb5 32. Rb7 Nxd4 33. a6 Ra2 34. a7 Kg7 35. Kg3 Nc6 36. Kf4 Nxa7 37. g4 Nc6 38. h4 Ne5 39. g5 Ra4+ 40. Ke3 Rxh4 41. gxf6+ Kxf6 42. Rb6+ Kg7 43. Rd6 Nc4+ 0-1

[Event "Late-Titled-Tuesday-Blitz-March-05-2024"]
[Site "Chess.com"]
[Date "2024.03.05"]
[Round "11"]
[White "Shtembuliak"]
[Black "TheCavemanChess"]
[Result "1-0"]
[WhiteElo "2869"]
[BlackElo "2736"]
[TimeControl "180+1"]
[EndTime "16:00:08 PST"]
[Termination "Shtembuliak won by resignation"]

1. c4 e6 2. Nc3 d5 3. d4 Nf6 4. cxd5 exd5 5. Bg5 Be7 6. e3 O-O 7. Bd3 Re8 8. Nge2 c6 9. O-O Nbd7 10. f3 Nf8 11.
Bh4 Ne6 12. Bf2 b5 13. h3 Bd7 14. e4 b4 15. Na4 dxe4 16. fxe4 c5 17. Nxc5 Nxc5 18. dxc5 Bc6 19. Ng3 Qa5 20. e5 Nd7 21. e6 fxe6 22. Bd4 Bxc5 23. Bxh7+ Kxh7 24. Qh5+ Kg8 25. Qf7+ 1-0

[Event "Late-Titled-Tuesday-Blitz-March-05-2024"]
[Site "Chess.com"]
[Date "2024.03.05"]
[Round "11"]
[White "jinbojinbo"]
[Black "Vegan4future"]
[Result "1-0"]
[WhiteElo "2640"]
[BlackElo "2499"]
[TimeControl "180+1"]
[EndTime "16:00:18 PST"]
[Termination "jinbojinbo won by resignation"]

1. Nf3 Nf6 2. c4 g6 3. b3 Bg7 4. Bb2 d6 5. e3 e5 6. d4 O-O 7. dxe5 Ng4 8. Be2 Nc6 9. O-O Ngxe5 10. Nc3 Bg4 11. Nxe5 Bxe2 12. Qxe2 Nxe5 13. Rad1 Qd7 14.
Nd5 c6 15. Nf4 Rad8 16. Rd2 f5 17. Rfd1 Nf7 18. Bxg7 Kxg7 19. h3 Qe7 20. b4 Qf6 21.
a3 Rd7 22. b5 Qc3 23. Ne6+ Kg8 24. Nxf8 Kxf8 25. a4 Qb3 26. bxc6 bxc6 27. a5 Qa4 28. c5 d5 29. Qa6 Kg7 30. Rb1 Kf6 31. Rd4 Qc2 32.
Qxc6+ Ke7 33. Rb7 Ne5 34. Qd6+ 1-0

[Event "Late-Titled-Tuesday-Blitz-March-05-2024"]
[Site "Chess.com"]
[Date "2024.03.05"]
[Round "11"]
[White "Cambek64"]
[Black "Zavgorodniy_Sergiy"]
[Result "1/2-1/2"]
[WhiteElo "2497"]
[BlackElo "2616"]
[TimeControl "180+1"]
[EndTime "16:00:21 PST"]
[Termination "Game drawn by repetition"]

1. b3 b6 2. Bb2 Bb7 3. Nf3 Nf6 4. g3 e6 5. Bg2 Be7 6. O-O O-O 7. c4 c5 8. d4 cxd4 9. Nxd4 Bxg2 10. Kxg2 Nc6 11.
Nc3 Rc8 12. Nxc6 dxc6 13. Qxd8 Rfxd8 14. Rfd1 Kf8 15. Rxd8+ Rxd8 16. Rd1 Rxd1 17. Nxd1 Ke8 18. f3 g6 19. e4 Nd7 20. Kf1 Bf6 21. Bxf6 Nxf6 22.
Ke2 e5 23. Nf2 Ke7 24. Nd3 Nd7 25. f4 Kd6 26. b4 f6 27. a3 c5 28. b5 Nf8 29.
Ke3 Ne6 30. fxe5+ fxe5 31. a4 Nd4 32. h3 h5 33. Nb2 Ke6 34. Nd3 Kf6 35. h4 Ke6 36. Nb2 Nc2+ 37. Kd2 Nd4 38. Ke3 Kd6 39. Nd3 Nc2+ 40. Kd2 Nd4 41. Ke3 Nb3 42. Nb2 Na5 43. Kd3 Nb3 44. Ke3 Nd4 45. Kd3 Ne6 46. Ke3 Nd4 1/2-1/2

[Event "Late-Titled-Tuesday-Blitz-March-05-2024"]
[Site "Chess.com"]
[Date "2024.03.05"]
[Round "11"]
[White "Zallio"]
[Black "Teidi96"]
[Result "0-1"]
[WhiteElo "2155"]
[BlackElo "2312"]
[TimeControl "180+1"]
[EndTime "16:00:23 PST"]
[Termination "Teidi96 won by resignation"]

1. d4 Nf6 2. Nf3 d5 3. e3 e6 4. Be2 Be7 5. O-O O-O 6. b3 b6 7. Bb2 Bb7 8. Nbd2 Nbd7 9. c4 c5 10. Rc1 Rc8 11. Re1 Re8 12. Ne5 Nxe5 13. dxe5 Ne4 14.
cxd5 Bxd5 15. Nxe4 Bxe4 16. Qxd8 Rexd8 17. Red1 Rxd1+ 18. Rxd1 Rd8 19. f3 Rxd1+ 20. Bxd1 Bb1 21. a4 Bd3 22. Kf2 Kf8 23. Ke1 c4 24. bxc4 Bb4+ 25. Kf2 Bxc4 26. Bd4 Ke7 27. e4 Kd7 28. Ke3 Kc6 29. Be2 Bxe2 30. Kxe2 a5 31. Kd3 b5 32. axb5+ Kxb5 33. f4 a4 34. f5 a3 35. Kc2 Kc4 36. Ba1 Bc5 37. g4 Bd4 38. Kb1 Bxa1 39. Kxa1 Kd4 40.
g5 Kxe5 41. h4 exf5 42. exf5 Kxf5 43. Ka2 Kg4 0-1

[Event "Late-Titled-Tuesday-Blitz-March-05-2024"]
[Site "Chess.com"]
[Date "2024.03.05"]
[Round "11"]
[White "morte-negra"]
[Black "janhelmer03"]
[Result "0-1"]
[WhiteElo "2084"]
[BlackElo "2392"]
[TimeControl "180+1"]
[EndTime "16:00:26 PST"]
[Termination "janhelmer03 won by resignation"]

1. e4 c5 2. Nf3 d6 3. d4 cxd4 4. Nxd4 Nf6 5. Nc3 g6 6. Be3 Bg7 7. f3 O-O 8. g4 Nc6 9. Qd2 d5 10.
g5 Nxd4 11. Bxd4 Nh5 12. exd5 Bxd4 13. Qxd4 e6 14. h4 exd5 15. Qxd5 Re8+ 16. Kd2 Qb6 17.
Bd3 Qe3+ 18. Kd1 Nf4 0-1

[Event "Late-Titled-Tuesday-Blitz-March-05-2024"]
[Site "Chess.com"]
[Date "2024.03.05"]
[Round "11"]
[White "KorolDimitriy75"]
[Black "HajiyevKanan"]
[Result "0-1"]
[WhiteElo "2399"]
[BlackElo "2539"]
[TimeControl "180+1"]
[EndTime "16:00:34 PST"]
[Termination "HajiyevKanan won on time"]

1. d4 d5 2. c4 c6 3. Nc3 Nf6 4. e3 a6 5. Nf3 Bg4 6. h3 Bxf3 7. Qxf3 e6 8. Bd3 Bb4 9. Bd2 O-O 10. O-O a5 11. Rad1 Nbd7 12. e4 Bxc3 13. Bxc3 dxe4 14. Bxe4 Nxe4 15. Qxe4 Qg5 16. Rd3 Nf6 17. Qe2 Rfd8 18.
Rg3 Qh5 19. Qe3 a4 20. d5 Qf5 21. Rf3 Qe4 22. Bxf6 Qxe3 23. fxe3 gxf6 24. dxe6 fxe6 25. Rxf6 a3 26. b3 Rd2 27. R1f2 Rad8 28. Rf8+ Kg7 29. R8f7+ Kg6 30. R2f6+ Kg5 31. Rxe6 Rxa2 32. Kh2 Rdd2 0-1

[Event "Late-Titled-Tuesday-Blitz-March-05-2024"]
[Site "Chess.com"]
[Date "2024.03.05"]
[Round "11"]
[White "carloseduar100"]
[Black "Eeleyah"]
[Result "0-1"]
[WhiteElo "2352"]
[BlackElo "2454"]
[TimeControl "180+1"]
[EndTime "16:00:35 PST"]
[Termination "Eeleyah won by checkmate"]

1. d4 d5 2. c3 Nf6 3. Nf3 c5 4. dxc5 e6 5. b4 Be7 6. Bb2 O-O 7. Nbd2 a5 8. a3 b6 9. cxb6 Qxb6 10. g3 Ng4 11. e3 Nd7 12. Bg2 Ba6 13. Nb3 Nxe3 14.
Qd2 Nxg2+ 15. Kd1 Bc4 16. Nbd4 axb4 17. axb4 Rxa1+ 18. Bxa1 Ra8 19. Kc2 Ra2+ 20. Bb2 Nc5 21. Ra1 Rxa1 22. Bxa1 Ne4 23. Qc1 Qa6 24. Bb2 Bd3+ 25.
Kb3 Nc5+ 26. bxc5 Qc4+ 27. Ka3 Bxc5# 0-1

[Event "Late-Titled-Tuesday-Blitz-March-05-2024"]
[Site "Chess.com"]
[Date "2024.03.05"]
[Round "11"]
[White "ACollins05"]
[Black "alexrustemov"]
[Result "0-1"]
[WhiteElo "2606"]
[BlackElo "2793"]
[TimeControl "180+1"]
[EndTime "16:00:36 PST"]
[Termination "alexrustemov won by resignation"]

1. Nf3 d5 2. e3 Nf6 3. b3 Bf5 4. Bb2 h6 5. d4 e6 6. Bd3 c6 7. Bxf5 exf5 8. O-O Nbd7 9. c4 Bd6 10. Nc3 O-O 11. Rc1 Re8 12. Qd3 g6 13. cxd5 cxd5 14.
Nb5 Bb8 15. Ba3 Re6 16. Rc2 a6 17. Nc3 Qa5 18. Bb2 Bd6 19. Rfc1 Rae8 20. a3 Qd8 21. b4 Nb6 22. Nd2 Ne4 23. Nb3 Nxc3 24. Bxc3 Nc4 25. Bb2 b5 26. Nc5 R6e7 27. g3 Qc8 28.
Qb3 Qc6 29. Bc3 h5 30. a4 h4 31. axb5 axb5 32. Ra2 h3 33. Ra6 Qc8 34. Be1 f4 35. gxf4 Bxc5 36. bxc5 Qxa6 0-1

[Event "Late-Titled-Tuesday-Blitz-March-05-2024"]
[Site "Chess.com"]
[Date "2024.03.05"]
[Round "11"]
[White "Felix-Rose"]
[Black "Qvalda"]
[Result "1-0"]
[WhiteElo "2314"]
[BlackElo "2421"]
[TimeControl "180+1"]
[EndTime "16:00:54 PST"]
[Termination "Felix-Rose won by resignation"]

1. Nf3 d5 2. e3 Bh3 3. gxh3 Qd6 4.
d4 f6 5. c4 c6 6. Nc3 e5 7.
dxe5 fxe5 8. cxd5 Nf6 9. dxc6 Nxc6 10. Qxd6 Bxd6 11. Bb5 Rc8 12. Ng5 Ke7 13. Bd2 Nb4 14. Ke2 a6 15. Ba4 Bb8 16. Nge4 Nh5 17. Rhg1 g6 18. a3 Nc6 19. Nd5+ Ke6 20. Bb3 Kf5 21. Rg5+ Ke6 22. Nb6+ Ke7 23. Nxc8+ Rxc8 24. Rc1 Rd8 25. Ba4 Ng7 26. Bxc6 bxc6 27. Bb4+ Ke8 28. Rxc6 Nf5 29.
Nf6+ Kf7 30. Nxh7 Rh8 31. Rgxg6 Nh4 32. Ng5+ Ke8 33. Rc8+ Kd7 34. Rxh8 1-0

[Event "Late-Titled-Tuesday-Blitz-March-05-2024"]
[Site "Chess.com"]
[Date "2024.03.05"]
[Round "11"]
[White "BillCoe"]
[Black "katharinareinecke"]
[Result "1-0"]
[WhiteElo "2131"]
[BlackElo "1978"]
[TimeControl "180+1"]
[EndTime "16:01:05 PST"]
[Termination "BillCoe won by resignation"]

1. e4 c6 2. d4 d5 3. Nc3 b5 4. exd5 b4 5. Ne4 cxd5 6. Nc5 e6 7. Bb5+ Bd7 8. Nxd7 Nxd7 9. Nf3 a6 10. Ba4 Nf6 11. O-O Bd6 12. Bg5 O-O 13. Bxd7 Qxd7 14. Bxf6 gxf6 15. Qd2 Kh8 16. Qh6 Qe7 17. Rfe1 Rg8 18. Re3 Rg6 19. Qh4 Rag8 20. g3 Qf8 21. Qh3 Rh6 22.
Qg2 Qg7 23. c3 a5 24. Rc1 f5 25. cxb4 Bf4 26. bxa5 Bxe3 27. fxe3 f6 28. b4 Rb8 29.
a3 Qb7 30. Rc5 Rc8 31. Qc2 Rxc5 32. Qxc5 Kg7 33. b5 e5 34. a6 Qa8 35. Qc6 Qxc6 36. bxc6 e4 37. a7 1-0

[Event "Late-Titled-Tuesday-Blitz-March-05-2024"]
[Site "Chess.com"]
[Date "2024.03.05"]
[Round "11"]
[White "ural58"]
[Black "Nick12772"]
[Result "0-1"]
[WhiteElo "2504"]
[BlackElo "2410"]
[TimeControl "180+1"]
[EndTime "16:01:07 PST"]
[Termination "Nick12772 won by resignation"]

1. e4 e6 2. d4 d5 3. Nc3 Bb4 4.
Ne2 Nf6 5. a3 Be7 6. e5 Nfd7 7.
f4 c5 8. Be3 Nc6 9. g3 b6 10.
h4 Ba6 11. Qd2 h5 12. O-O-O g6 13. Kb1 Qc7 14. Bg2 Bxe2 15. Nxe2 Nxd4 16. Nxd4 cxd4 17. Bxd4 O-O-O 18. c4 dxc4 19. Qe2 Bc5 20. Qxc4 Bxd4 21. Qxd4 Nc5 22. Qe3 Rxd1+ 23. Rxd1 Rd8 24. Rc1 Rd3 25. Qxd3 Nxd3 26. Rxc7+ Kxc7 27. Bf1 Nf2 28. Bg2 Ng4 29. Bf3 Ne3 30. b4 Nf1 31. Kc2 Nxg3 0-1

[Event "Late-Titled-Tuesday-Blitz-March-05-2024"]
[Site "Chess.com"]
[Date "2024.03.05"]
[Round "11"]
[White "guillembaches"]
[Black "ArtemDyachuk"]
[Result "0-1"]
[WhiteElo "2549"]
[BlackElo "2688"]
[TimeControl "180+1"]
[EndTime "16:01:11 PST"]
[Termination "ArtemDyachuk won on time"]

1. Nf3 Nf6 2. d4 g6 3. Bg5 Bg7 4. Nbd2 d5 5. e3 O-O 6. Be2 c5 7. c3 Nc6 8. O-O h6 9. Bh4 g5 10. Bg3 Nh5 11. dxc5 e5 12. Bxe5 Nxe5 13. Nxe5 Bxe5 14.
Bxh5 Qc7 15. Nf3 Bg7 16. Qxd5 Be6 17. Qd6 Qa5 18. Nd4 Bc4 19. Rfd1 Rad8 20. Qe7 Qa6 21. Nf5 Bf6 22. Nxh6+ Kh7 23. Qe4+ Kxh6 24. Bf3 Be6 25. Qxb7 Qc4 26. c6 g4 27. c7 Rxd1+ 28. Rxd1 gxf3 29. Qxf3 Be5 30. Rd8 Bxh2+ 31. Kxh2 Qxc7+ 0-1

[Event "Late-Titled-Tuesday-Blitz-March-05-2024"]
[Site "Chess.com"]
[Date "2024.03.05"]
[Round "11"]
[White "ThaBarWa"]
[Black "ninguno46"]
[Result "0-1"]
[WhiteElo "2369"]
[BlackElo "2495"]
[TimeControl "180+1"]
[EndTime "16:01:15 PST"]
[Termination "ninguno46 won on time"]

1. c4 e5 2. Nc3 Nf6 3. g3 h6 4. Bg2 Bb4 5. Qc2 O-O 6. Nf3 Re8 7. O-O Bxc3 8. Qxc3 e4 9. Nd4 d6 10. b3 c5 11. Nc2 Nc6 12. Bb2 a5 13. e3 Re5 14. f4 exf3 15. Bxf3 Bh3 16. d4 Rg5 17.
Bxc6 bxc6 18. dxc5 dxc5 19. Rf4 Qe7 20. Ne1 Rd8 21. Nf3 Rg4 22. Ne5 Rxf4 23. exf4 Qe6 24. Nf3 Qe2 25. Nh4 Rd2 0-1

[Event "Late-Titled-Tuesday-Blitz-March-05-2024"]
[Site "Chess.com"]
[Date "2024.03.05"]
[Round "11"]
[White "PawnEatingZombie"]
[Black "northridgehawk"]
[Result "0-1"]
[WhiteElo "2166"]
[BlackElo "2333"]
[TimeControl "180+1"]
[EndTime "16:01:17 PST"]
[Termination "northridgehawk won on time"]

1. e4 e5 2. Nf3 Nc6 3. Nc3 Nf6 4. Bb5 Bd6 5. O-O O-O 6. d3 Ne7 7. h3 Ng6 8. Ne2 c6 9. Bc4 Bc7 10. Bb3 d5 11. Ng3 Be6 12. Re1 h6 13. c3 Qd7 14.
Be3 Rad8 15. Qc2 b6 16. a4 Rfe8 17. Rad1 c5 18. d4 c4 19. Ba2 Nxe4 20. Nxe4 Bf5 21. Nxe5 Nxe5 22. dxe5 Bxe4 23. Qc1 Qf5 24. f4 Bd3 25.
Bd4 g5 26. fxg5 hxg5 27. Rf1 Bxf1 28. Rxf1 Qg6 29. Rf6 Qg7 30. Qf1 Bxe5 31. Bxe5 Rxe5 32. Bb1 Rde8 33. Kh2 Re1 34. Qf5 Rxb1 0-1

[Event "Late-Titled-Tuesday-Blitz-March-05-2024"]
[Site "Chess.com"]
[Date "2024.03.05"]
[Round "11"]
[White "xasid81"]
[Black "lamomiajunior"]
[Result "0-1"]
[WhiteElo "2575"]
[BlackElo "2725"]
[TimeControl "180+1"]
[EndTime "16:01:18 PST"]
[Termination "lamomiajunior won by resignation"]

1. d4 g6 2. Nf3 Bg7 3. e4 d6 4. Bc4 Nc6 5. O-O e6 6. Nc3 Nf6 7.
d5 exd5 8. Nxd5 Nxd5 9. exd5 Ne7 10. Bb5+ Bd7 11. Bxd7+ Qxd7 12. c4 O-O 13. Qb3 Rab8 14. Be3 c5 15. dxc6 bxc6 16. Qa4 Rxb2 17. Rab1 Rfb8 18. Rxb2 Rxb2 19. Bxa7 Nf5 20. h3 h5 21. Rd1 Rb7 22. Bc5 Qc7 23. Ba3 Ra7 24. Qb3 c5 25.
Bc1 Qa5 26. a3 Ra8 27. Qd3 Qa4 28. Qd5 Nd4 29. Re1 Nxf3+ 30. gxf3 Rd8 31. Bg5 Rf8 32.
Be7 Re8 33. Re3 Bd4 34. Re4 Qd1+ 35. Kg2 Qc2 36. Bxd6 Qxf2+ 0-1

[Event "Late-Titled-Tuesday-Blitz-March-05-2024"]
[Site "Chess.com"]
[Date "2024.03.05"]
[Round "11"]
[White "jamengrand"]
[Black "RantomOpening"]
[Result "1-0"]
[WhiteElo "2496"]
[BlackElo "2575"]
[TimeControl "180+1"]
[EndTime "16:01:20 PST"]
[Termination "jamengrand won by resignation"]

1. e4 c5 2. Nf3 e6 3. d4 cxd4 4. Bg5 Bb4+ 5. c3 dxc3 6. Nxc3 Be7 7. Bxe7 Nxe7 8. Qd6 O-O 9. O-O-O Nbc6 10. Kb1 Qb6 11. Bd3 Qa5 12. h4 b6 13. Rh3 Bb7 14. Rg3 Qc5 15.
Qxd7 Rab8 16. Rg5 Rfd8 17. Qc7 h6 18. Rxc5 bxc5 19. Bb5 Rdc8 20. Qg3 Rd8 21. Rxd8+ Rxd8 22. Qc7 Ba8 23. Bxc6 Nxc6 24. Ne5 Rf8 25. Nxc6 Kh7 26.
Ne7 f5 27. exf5 exf5 28. Qd6 Rf6 29. Qd8 1-0

[Event "Late-Titled-Tuesday-Blitz-March-05-2024"]
[Site "Chess.com"]
[Date "2024.03.05"]
[Round "11"]
[White "TheAlienParty"]
[Black "toninhojit"]
[Result "0-1"]
[WhiteElo "2404"]
[BlackElo "2538"]
[TimeControl "180+1"]
[EndTime "16:01:21 PST"]
[Termination "toninhojit won by resignation"]

1. c4 c5 2. Nf3 Nc6 3. d4 cxd4 4. Nxd4 g6 5. g3 Bg7 6. Nc2 Qb6 7.
Nc3 Bxc3+ 8. bxc3 Nf6 9. Bg2 Ne5 10. Ne3 d6 11. O-O Be6 12. Nd5 Bxd5 13. cxd5 O-O 14. Qd4 Qxd4 15. cxd4 Ned7 16. Bf4 Rfc8 17. Rfc1 Nb6 18.
e4 Kf8 19. f3 Ke8 20. Bf1 Kd8 21. Bd2 Rxc1 22. Rxc1 Rc8 23. Rxc8+ Kxc8 24. Kf2 a6 25. Ba5 Na8 26. Ke3 b5 27. a4 Nc7 28. Bxc7 Kxc7 29. axb5 a5 30. Kd3 Kb6 31. Kc3 Ne8 32. Kb3 Nc7 33. Ka4 e6 34. Bc4 exd5 35. Bxd5 Nxd5 36. exd5 h6 37. h4 f5 38. g4 f4 39. h5 g5 40.
Kb3 Kxb5 41. Kc3 a4 42. Kd3 Kb4 43. Ke4 a3 44. Kf5 a2 45. Kg6 a1=Q 46. Kxh6 Qxd4 47.
Kxg5 Qe5+ 48. Kg6 Qxd5 49. h6 Qxf3 50. g5 Qe4+ 51. Kg7 Qe7+ 52. Kg8 Qxg5+ 53. Kh7 f3 54. Kh8 Qxh6+ 55. Kg8 Qf4 0-1

[Event "Late-Titled-Tuesday-Blitz-March-05-2024"]
[Site "Chess.com"]
[Date "2024.03.05"]
[Round "11"]
[White "Rodalquilar"]
[Black "Fandorine"]
[Result "0-1"]
[WhiteElo "2788"]
[BlackElo "2907"]
[TimeControl "180+1"]
[EndTime "16:01:24 PST"]
[Termination "Fandorine won on time"]

1. d4 Nf6 2. Nf3 g6 3. Bf4 Bg7 4. e3 c5 5. c3 Qb6 6. Qb3 d6 7.
h3 Be6 8. Qxb6 axb6 9. a3 Bd5 10. Nbd2 O-O 11. Be2 Bc6 12. O-O Nbd7 13. Bh2 b5 14. Rfe1 Nb6 15. dxc5 dxc5 16. Ne5 c4 17. Nxc6 bxc6 18.
Bf3 Rfc8 19. Ne4 Nfd5 20. Nc5 e6 21. e4 Nxc3 22. bxc3 Bxc3 23. Rac1 Bxe1 24. Rxe1 Rxa3 25. Be5 b4 26. Bd4 c3 27. Nd3 Rd8 28. Bxb6 Rxd3 29. Be2 Rd2 30. Be3 Rxe2 31. Rxe2 b3 32. Kh2 b2 33. Re1 Ra1 34. Rd1 Rxd1 0-1

[Event "Late-Titled-Tuesday-Blitz-March-05-2024"]
[Site "Chess.com"]
[Date "2024.03.05"]
[Round "11"]
[White "SergioMoralesG"]
[Black "AndresDelgado77"]
[Result "1-0"]
[WhiteElo "2451"]
[BlackElo "2287"]
[TimeControl "180+1"]
[EndTime "16:01:32 PST"]
[Termination "SergioMoralesG won on time"]

1. d4 Nf6 2. c4 d6 3. Nf3 g6 4. Nc3 Bf5 5. Nh4 Bd7 6. e4 e5 7.
dxe5 dxe5 8. Bg5 h6 9. Be3 Bb4 10.
Nf3 Nxe4 11. Qb3 Na6 12. Nxe5 Qe7 13. Nxd7 Qxd7 14. Rd1 Qe7 15. Be2 f5 16. O-O Bxc3 17. Qxb7 O-O 18. Qxa6 Rf6 19. Qb7 Re8 20. bxc3 Nxc3 21.
Rde1 Nxe2+ 22. Rxe2 f4 23. Bd4 Qxe2 24. Bxf6 f3 25. Qxf3 1-0

[Event "Late-Titled-Tuesday-Blitz-March-05-2024"]
[Site "Chess.com"]
[Date "2024.03.05"]
[Round "11"]
[White "HansOnTwitch"]
[Black "Sokoloco"]
[Result "1-0"]
[WhiteElo "3099"]
[BlackElo "2802"]
[TimeControl "180+1"]
[EndTime "16:01:34 PST"]
[Termination "HansOnTwitch won by resignation"]

1. e4 d6 2. d4 g6 3. Nc3 Bg7 4. Be3 a6 5. Qd2 b5 6. f3 Bb7 7. h4 h6 8. Nh3 Nd7 9. Ne2 c5 10. c3 Rc8 11. Nf2 e6 12. h5 g5 13.
Ng3 cxd4 14. cxd4 Ne7 15. Bd3 O-O 16. Ng4 Nc6 17. Bb1 Nf6 18. Nxf6+ Qxf6 19. Ne2 Qd8 20. O-O Qa5 21. Qxa5 Nxa5 22. b3 Nc6 23. Rd1 Rc7 24. a3 Na5 25. Nc1 Rfc8 26. Bd3 Rc3 27. Rb1 R3c7 28.
Ne2 d5 29. e5 f6 30. f4 fxe5 31. fxe5 Rf8 32. Bd2 Nc6 33. Rdc1 Rfc8 34. a4 Na7 35.
Rxc7 Rxc7 36. Ba5 Rc6 37. Bb4 Bf8 38. Bxf8 Kxf8 39. Rf1+ Kg7 40. Rf6 bxa4 41. bxa4 Rb6 42. Rg6+ Kf7 43. Rxh6 Rb2 44. Rh7+ Kg8 45. h6 Nc6 46. Rg7+ Kh8 47. Rc7 Nb4 48. Bg6 Rxe2 49. Rxb7 Nc6 50. Rc7 Na7 51. Rxa7 1-0

[Event "Late-Titled-Tuesday-Blitz-March-05-2024"]
[Site "Chess.com"]
[Date "2024.03.05"]
[Round "11"]
[White "Abduzhaparov"]
[Black "OPQRC"]
[Result "1/2-1/2"]
[WhiteElo "2472"]
[BlackElo "2575"]
[TimeControl "180+1"]
[EndTime "16:01:43 PST"]
[Termination "Game drawn by repetition"]

1. Nf3 g6 2. h4 Bg7 3. h5 h6 4. hxg6 fxg6 5. Nh4 Kf7 6. c3 e5 7. Qc2 Qf6 8. e3 d5 9. g3 Ne7 10. Be2 Rf8 11. d4 e4 12. c4 Kg8 13. Rf1 Bh3 14. f4 Bxf1 15. Bxf1 c6 16. Nc3 Kh7 17. Bd2 Nd7 18.
O-O-O Nb6 19. c5 Nd7 20. Be1 b6 21. g4 bxc5 22. dxc5 Nxc5 23. Qh2 g5 24. Nf5 Nxf5 25. gxf5 Qxf5 26. Bh3 g4 27. Bf1 Rab8 28. Qc2 Rb7 29.
b3 Rfb8 30. Ne2 Nd3+ 31. Kb1 Nxe1 32. Rxe1 Qf6 33. Nd4 c5 34. Qxc5 a5 35. Qxd5 a4 36. Qxe4+ Kh8 37. Bd3 Kg8 38. Bc4+ Kh8 39. Bd3 Kg8 40.
Bc4+ Kh8 41. Bd3 1/2-1/2

[Event "Late-Titled-Tuesday-Blitz-March-05-2024"]
[Site "Chess.com"]
[Date "2024.03.05"]
[Round "11"]
[White "IlanSchnaider"]
[Black "Inepton_Fermion"]
[Result "1-0"]
[WhiteElo "2619"]
[BlackElo "2459"]
[TimeControl "180+1"]
[EndTime "16:01:44 PST"]
[Termination "IlanSchnaider won by checkmate"]

1. e4 c5 2. Nf3 e6 3. d4 cxd4 4. Nxd4 Nc6 5. Bf4 Qb6 6. Nb3 a6 7. Bd3 Nf6 8. O-O d6 9. c4 Be7 10. Bc2 O-O 11. Nc3 Rd8 12. a3 Ne5 13. Qe2 Qc7 14.
Nd2 b5 15. cxb5 axb5 16. Rfc1 Ba6 17. Qe3 Nc4 18. Nxc4 bxc4 19. e5 dxe5 20. Bxe5 Qc5 21.
Qf4 Nh5 22. Qe4 f5 23. Qe2 Nf6 24. Bxf6 Bxf6 25. Qxe6+ Kh8 26. Re1 h6 27. Bxf5 Rd2 28. Ne4 Qd5 29. Nxd2 Qxd2 30. Qe8+ Rxe8 31. Rxe8# 1-0